 Dungeon Crawl Stone Soup version 0.18-a0-9-gd4dcb6f (webtiles) character file.

215572 Chiseanne the Cleaver (level 18, -19/135 HPs)
             Began as a Demonspawn Wanderer on Aug 12, 2015.
             Was the Champion of Makhleb.
             Hit by a javelin thrown by a merfolk javelineer (26 damage)
             ... on level 4 of the Shoals on Nov 1, 2015.
             The game lasted 02:34:32 (32579 turns).

Chiseanne the Cleaver (Demonspawn Wanderer)        Turns: 32579, Time: 02:34:33

Health: -19/135    AC: 25    Str: 18    XL:     18   Next: 33%
Magic:  0/28       EV: 28    Int: 15    God:    Makhleb [******]
Gold:   1214       SH: 13    Dex: 21    Spells: 2 memorised, 23 levels left

rFire  . . .     SeeInvis +     a - +5 broad axe of Taxation {freeze, Dex+4 Stlth+}
rCold  . . .     Clarity  .     w - +4 ring mail {MR+}
rNeg   . . .     SustAt   .     B - +0 shield
rPois  +         Gourm    .     J - +2 helmet {SInv}
rElec  +         Spirit   +     N - +2 cloak {rPois}
rCorr  .         Warding  .     Z - +2 pair of gloves {Dex+3}
rMut   .         Stasis   .     (boots unavailable)
MR     ++...                    H - amulet of regeneration
Stlth  ++........               Q - +6 ring of evasion
                                P - +5 ring of slaying

@: afraid, manticore barbs, slowed, very slow, very resistant to hostile
enchantments, unstealthy
A: hooves 3, thin metallic scales 3, sense surroundings 1, spiny 3, magic
shield, magic regeneration
a: Minor Destruction, Lesser Servant of Makhleb, Major Destruction, Greater
Servant of Makhleb, Renounce Religion
}: 1/15 runes: gossamer


You were on level 4 of the Shoals.
You worshipped Makhleb.
Makhleb was exalted by your worship.
You were not hungry.

You visited 6 branches of the dungeon, and saw 36 of its levels.
You also visited: Labyrinth and Ice Cave.

You collected 3531 gold pieces.
You spent 2317 gold pieces at shops.

Inventory:

Hand Weapons
 a - the +5 broad axe of Taxation (weapon) {freeze, Dex+4 Stlth+}
   (You took it off a wight on level 11 of the Dungeon)

   It has been specially enchanted to freeze those struck by it, causing extra
   injury to most foes and up to half again as much damage against particularly
   susceptible opponents.
   It can also slow down cold-blooded creatures.
   It affects your dexterity (+4).
   It makes you more stealthy.
 e - the +6 hand crossbow of Guile {flame, MR- Str+5 Int+2 Dex+3}
   (You bought it in a shop on level 4 of the Orcish Mines)

   It causes projectiles fired from it to burn those they strike, causing extra
   injury to most foes and up to half again as much damage against particularly
   susceptible opponents.
   It affects your strength (+5).
   It affects your intelligence (+2).
   It affects your dexterity (+3).
   It affects your resistance to hostile enchantments.
 s - the +2 morningstar of the Coward {flame, Stlth+}
   (You found it on level 5 of the Dungeon)

   It has been specially enchanted to burn those struck by it, causing extra
   injury to most foes and up to half again as much damage against particularly
   susceptible opponents.
   It makes you more stealthy.
Missiles
 d - 22 poisoned needles
 o - 319 bolts
 x - 13 bolts of flame
 T - a throwing net (quivered)
Armour
 w - a +4 ring mail of magic resistance (worn)
 B - a +0 shield (worn)
 J - a +2 helmet of see invisible (worn)
 N - a +2 cloak of poison resistance (worn)
 Z - a +2 pair of gloves of dexterity (worn)
Rods
 S - a +7 rod of shadows (10/10)
   (You found it in a labyrinth)
 U - a +5 rod of inaccuracy (11/11)
   (You found it in a labyrinth)
Jewellery
 f - an uncursed ring of flight
 u - an uncursed ring of teleportation
 H - an amulet of regeneration (around neck)
 P - a +5 ring of slaying (left hand)
 Q - a +6 ring of evasion (right hand)
 Y - an uncursed amulet of rage
Wands
 k - a wand of heal wounds (4)
 q - a wand of teleportation (4)
 z - a wand of digging (6)
 G - a wand of disintegration (9)
 O - a wand of fireball (8)
 X - a wand of heal wounds (2)
Scrolls
 b - 3 scrolls of magic mapping
 c - 8 scrolls of teleportation
 i - 19 scrolls of identify
 j - 14 scrolls of remove curse
 l - 3 scrolls of blinking
 y - 2 scrolls of fear
 E - 6 scrolls of fog
 F - a scroll of summoning
 K - 3 scrolls of recharging
 M - a scroll of immolation
Potions
 h - 3 potions of flight
 m - a potion of agility
 n - a potion of cancellation
 r - 3 potions of resistance
 C - 2 potions of berserk rage
 I - 8 potions of curing
 L - 3 potions of ambrosia
Books
 v - a book of Debilitation

   Spells                             Type                      Level
   a - Corona                         Hexes                        1
   b - Slow                           Hexes                        2
   c - Gell's Gravitas                Hexes/Translocation          3
   d - Inner Flame                    Hexes/Fire                   3
   e - Cause Fear                     Hexes                        4
   f - Leda's Liquefaction            Hexes/Earth                  4
 A - a book of Burglary

   Spells                             Type                      Level
   a - Swiftness                      Charms/Air                   2
   b - Passwall                       Transmutation/Earth          3
   c - Passage of Golubria            Translocation                4
   d - Lee's Rapid Deconstruction     Earth                        5
   e - Darkness                       Hexes                        6
   f - Invisibility                   Hexes                        6
 D - a Young Poisoner's Handbook

   Spells                             Type                      Level
   a - Sting                          Conjuration/Poison           1
   b - Cure Poison                    Poison                       2
   c - Mephitic Cloud                 Conjuration/Poison/Air       3
   d - Olgreb's Toxic Radiance        Poison                       4
   e - Venom Bolt                     Conjuration/Poison           5
 R - a book of Transfigurations

   Spells                             Type                      Level
   a - Stoneskin                      Transmutation/Earth          2
   b - Irradiate                      Conjuration/Transmutation    5
   c - Statue Form                    Transmutation/Earth          6
   d - Hydra Form                     Transmutation                6
   e - Dragon Form                    Transmutation                7
Miscellaneous
 p - a fan of gales
Comestibles
 g - 5 royal jellies
 t - 16 meat rations
 W - 20 bread rations


   Skills:
 - Level 10.2 Fighting
 * Level 14.7(15.0) Axes
 - Level 3.8(10.6) Maces & Flails
   Level 3.0(10.3) Polearms
 - Level 1.0 Crossbows
 - Level 10.1 Armour
 - Level 13.5 Dodging
 - Level 1.0 Stealth
 * Level 12.1 Shields
 - Level 4.7 Spellcasting
 * Level 13.7 Invocations
 - Level 6.8 Evocations


You had 23 spell levels left.
You knew the following spells:

 Your Spells              Type           Power        Failure   Level  Hunger
a - Blink                 Tloc           N/A          65%         2    ##.....
b - Apportation           Tloc           #.........   38%         1    None


Dungeon Overview and Level Annotations

Branches:
Dungeon (15/15)            Temple (1/1) D:7            Lair (8/8) D:8
 Shoals (4/4) Lair:5       Spider (4/4) Lair:4        Slime (0/6) Lair:8
    Orc (4/4) D:9             Elf (0/3) Orc:4        Vaults (0/5) D:14
 Depths (0/5) D:15

Altars:
Ashenzari
Cheibriados
Dithmenos
Fedhas
Makhleb
Okawaru
Qazlal
Ru
Trog
Yredelemnul
Zin
Beogh
Jiyva

Shops:
D:14 [   Orc:3 ?   Orc:4 !(=[*   Shoals:3 (

Annotations:
Orc:1 exclusion: 2 downstairs


Innate Abilities, Weirdness & Mutations

You have hooves in place of feet.
You are completely covered in thin metallic scales (AC +4, rElec).
You are completely covered in sharp spines.
When hurt, damage is shared between your health and your magic reserves.
You regenerate magic rapidly.
You passively map a small area around you.


Message History

Orders for allies: a - Attack new target. r - Retreat! s - Stop attacking. w - Wait here. f - Follow me.
Anything else - Stay silent.
Gang up on whom?
Press: ? - help, Dir - move target cursor, f - sea snake
Aim: a sea snake (almost dead, inspired to greatness) Attack!
The merfolk javelineer throws a silver javelin.
The silver javelin hits you!
* * * LOW HITPOINT WARNING * * *
The silver sears you!
* * * LOW HITPOINT WARNING * * *
You hear a splash.
You block the sea snake's attack.
Your Executioner gestures at the sea snake.
The sea snake convulses in agony!
The merfolk javelineer throws a javelin.
The javelin hits you!!
You die...

,,,,,,≈,,,,,≈,,≈,≈≈,,,,**≈,,,≈,*,
,,,,,,,,≈c≈≈≈≈P≈)≈≈≈≈?≈**,*,*,***
,,,≈,≈≈,(≈≈≈..≈≈(≈≈≈≈.##,,,≈,,,*,
,,,,≈≈≈$≈≈≈..m..≈≈≈≈≈...*,**≈,,,,
,,,,≈≈≈≈≈≈........≈≈≈..m,*****,,,
,,,≈≈≈≈≈≈≈.S.)....≈≈≈..m,≈*≈**,,≈
,,≈≈≈≈≈≈≈≈...)....$≈≈...,,,,,,,,≈
,,≈≈≈≈≈≈≈≈≈..)(()..≈≈≈..,,,,,,,,≈
≈≈≈≈≈≈≈≈≈≈≈≈≈)≈≈@1..≈≈≈≈,,,,,,,,≈
≈≈≈≈≈≈≈≈≈≈≈≈≈≈≈(≈S≈.≈≈≈≈,≈,,,,,,≈
≈≈≈≈≈≈≈≈≈≈≈≈≈≈≈≈?§..(≈≈≈≈≈≈,,,,,,
≈≈≈≈≈≈≈≈≈≈≈≈≈≈≈≈≈§(c≈≈≈≈≈≈≈≈,,,,,
≈≈≈≈≈≈≈≈≈≈≈≈≈≈≈≈≈≈≈≈≈:≈≈≈≈≈≈,,,,,
≈≈≈≈≈≈≈≈...≈≈≈≈≈≈≈≈≈≈m≈≈≈≈≈≈≈≈,,,
≈≈≈≈≈≈≈≈.##<≈≈≈≈≈≈≈≈P≈≈≈,≈≈≈≈≈,,,
≈≈≈≈≈≈≈≈,*#≈≈≈≈≈≈≈P≈≈P≈≈,≈≈≈≈≈,,,
≈≈≈≈≈≈≈≈≈≈≈≈≈≈≈≈≈≈≈≈≈≈≈,,,,≈≈≈≈≈,


You could see 2 merfolk javelineers, a satyr, 2 sea snakes, a merfolk, a faun, a
water nymph and a friendly Executioner.

Vanquished Creatures
  Kirke (Spider:4)
  A frost giant (IceCv)
  3 ghost moths
  4 emperor scorpions
  A stone giant (Orc:4)
  A minotaur (Lab)
  Snorg (Lair:4)
  A fire dragon (Lair:8)
  A merfolk javelineer (Shoals:1)
  3 entropy weavers
  A deep elf high priest (D:14)
  Josephine (Lair:6)
  2 merfolk impalers
  A great orb of eyes (D:14)
  6 hydras
  An entropy weaver (shapeshifter) (D:15)
  A rakshasa (D:15)
  A ghost crab (shapeshifter) (D:15)
  A merfolk avatar (Shoals:3)
  A merfolk aquamancer (Shoals:2)
  2 death yaks (IceCv)
  8 centaur warriors
  An ogre mage (D:14)
  A queen ant (Lair:1)
  An orc high priest (Orc:4)
  A fire crab (Lair:8)
  A sea snake (Shoals:1)
  The ghost of Gargoyl the Ducker, an experienced DsAK of Lugonu (D:6)
  A deep elf knight (D:14)
  A skeletal warrior (D:14)
  4 unseen horrors
  3 orc knights
  A flayed ghost (D:9)
  A wolf spider zombie (D:14)
  5 ugly things
  2 orc sorcerers (Orc:4)
  10 orb spiders
  A wolf spider (shapeshifter) (D:14)
  9 hornets
  2 griffons
  3 hill giants
  22 wolf spiders
  2 cyclopes
  A moth of wrath (shapeshifter) (D:15)
  4 fauns (Shoals:3)
  2 manticores
  2 moths of wrath (Spider:4)
  A guardian serpent (Lair:8)
  17 elephants
  A gargoyle (D:15)
  Psyche (D:9)
  A torpor snail (Spider:3)
  7 black mambas
  A siren (Lair:5)
  15 spiny frogs
  A spiny frog (shapeshifter) (D:14)
  9 yaktaurs
  11 demonic crawlers
  13 komodo dragons
  A redback zombie (D:14)
  2 deep elf priests
  A freezing wraith (D:14)
  4 fire drakes
  26 jumping spiders
  5 merfolk
  A wind drake (Shoals:3)
  9 trolls
  A two-headed ogre (D:12)
  13 polar bears
  3 snapping turtles
  Prince Ribbit (D:7)
  4 slime creatures (D:15)
  The ghost of trantor the Archer, an average HEHu (D:5)
  15 blink frogs
  15 trapdoor spiders
  A shadow (D:13)
  A centaur simulacrum (D:15)
  2 water elementals (Shoals:2)
  3 deep elf magi
  17 tarantellas
  7 hippogriffs
  A raiju (shapeshifter) (D:14)
  7 wraiths
  2 basilisks
  Eustachio (D:4)
  33 redbacks
  A hungry ghost (D:11)
  4 steam dragons
  5 wyverns
  4 hogs
  77 yaks
  4 wargs
  A deep elf fighter (D:14)
  19 water moccasins
  6 vampire mosquitoes
  22 wolves
  4 mottled dragons
  5 soldier ants (Lair:1)
  14 porcupines
  2 swamp drakes
  2 necrophages
  A sky beast (D:9)
  An eye of draining (D:8)
  20 ice beasts
  A phantom (D:10)
  20 orc warriors
  2 black bears (shapeshifter) (D:15)
  8 ogres
  10 wasps
  31 spiders
  4 boggarts (D:15)
  18 centaurs
  22 crocodiles
  19 giant frogs
  A water moccasin zombie (D:4)
  A water moccasin skeleton (D:9)
  A wyvern zombie (D:11)
  5 scorpions
  3 killer bees (D:11)
  15 wights
  6 electric eels
  A quasit (D:14)
  5 centaur zombies
  4 lava snakes (Lab)
  12 hounds
  6 jellies
  25 orc wizards
  16 orc priests
  A giant frog zombie (D:8)
  16 iguanas
  11 centaur skeletons
  11 hell rats
  10 sheep
  24 worker ants
  2 hound skeletons
  A worker ant zombie (D:9)
  Robin (D:1)
  18 adders
  89 river rats
  2 shadow imps
  7 gnolls
  6 oozes
  3 worms (D:2)
  4 adder skeletons
  7 giant geckos
  166 orcs
  11 bats
  4 giant cockroaches
  15 goblins
  15 hobgoblins
  12 jackals
  7 quokkas
  2 giant gecko skeletons
  3 giant newts
  3 kobolds (D:1)
  9 rats
  6 fungi
  17 plants
1291 creatures vanquished.

Vanquished Creatures (collateral kills)
  Rupert (Lair:6)
  The ghost of Zero the Stickfighter, an adept MiBe of Trog (Spider:4)
  An orc warlord (Orc:4)
  An emperor scorpion (Spider:4)
  A merfolk impaler (Shoals:4)
  2 merfolk aquamancers (Shoals:4)
  2 satyrs (Shoals:4)
  2 orc high priests (Orc:4)
  3 orc sorcerers (Orc:4)
  A manticore (Shoals:4)
  An orc knight (Orc:4)
  4 orb spiders (Spider:4)
  3 fauns (Shoals:4)
  2 polar bears (IceCv)
  4 yaks (IceCv)
  A redback (Spider:4)
  A water elemental (Shoals:3)
  A trapdoor spider (Spider:4)
  A hog (Spider:4)
  4 orc warriors (Orc:4)
  An ogre (Orc:4)
  A river rat (Lair:6)
  3 orcs (Orc:4)
42 creatures vanquished.

Vanquished Creatures (others)
  A hill giant (D:12)
  An unseen horror (D:9)
  A demonic crawler (Spider:1)
  A vampire (D:15)
  A human (Spider:4)
  A killer bee (D:13)
  3 fungi (Lair:8)
  3 plants
12 creatures vanquished.

Grand Total: 1345 creatures vanquished

Notes
Turn   | Place    | Note
--------------------------------------------------------------
     0 | D:1      | Chiseanne the Demonspawn Wanderer began the quest for the Orb.
     0 | D:1      | Chiseanne set off with: a +2 scale mail, 2 potions of curing, a +0 dagger, a bread ration
     0 | D:1      | Reached XP level 1. HP: 18/18 MP: 1/1
   239 | D:1      | Gained mutation: You are partially covered in thin metallic scales (AC +2). [demonic ancestry]
   239 | D:1      | Reached XP level 2. HP: 13/24 MP: 2/2
  1111 | D:2      | Noticed Robin
  1253 | D:1      | Gained mutation: You have large cloven feet. [demonic ancestry]
  1253 | D:1      | Reached XP level 3. HP: 27/29 MP: 3/3
  1902 | D:1      | Killed Robin
  1990 | D:2      | Gained mutation: When hurt, damage is shared between your health and your magic reserves. [demonic ancestry]
  1990 | D:2      | Reached XP level 4. HP: 27/36 MP: 4/4
  2919 | D:2      | Reached XP level 5. HP: 42/42 MP: 5/5
  3002 | D:3      | Reached skill level 4 in Fighting
  3589 | D:4      | Reached XP level 6. HP: 47/49 MP: 6/6
  3731 | D:4      | Noticed Eustachio
  3778 | D:4      | Killed Eustachio
  3778 | D:4      | Reached skill level 5 in Fighting
  4155 | D:4      | Found a bloodstained altar of Trog.
  4437 | D:4      | Gained mutation: You are mostly covered in thin metallic scales (AC +3). [demonic ancestry]
  4437 | D:4      | Reached XP level 7. HP: 42/56 MP: 5/7
  4525 | D:4      | Gained mutation: You passively map a small area around you. [potion of beneficial mutation]
  4537 | D:5      | Entered Level 5 of the Dungeon
  4558 | D:5      | Got an ebony morningstar
  4559 | D:5      | Identified the +2 morningstar of the Coward {flame, Stlth+} (You found it on level 5 of the Dungeon)
  4658 | D:5      | Noticed trantor's ghost (average HEHu)
  4708 | D:5      | Killed trantor's ghost
  4708 | D:5      | Reached skill level 5 in Armour
  5269 | D:5      | Reached skill level 6 in Fighting
  5269 | D:5      | Reached skill level 5 in Dodging
  5292 | D:6      | Found a shattered altar of Ashenzari.
  5294 | D:6      | Noticed Gargoyl's ghost (experienced DsAK)
  5332 | D:5      | Gained mutation: You regenerate magic rapidly. [demonic ancestry]
  5332 | D:5      | Reached XP level 8. HP: 27/64 MP: 5/8
  5908 | D:6      | Killed Gargoyl's ghost
  5908 | D:6      | Reached skill level 7 in Fighting
  6925 | D:7      | Gained mutation: You are partially covered in sharp spines. [demonic ancestry]
  6925 | D:7      | Reached XP level 9. HP: 64/71 MP: 7/9
  6949 | D:7      | Found a staircase to the Ecumenical Temple.
  6975 | Temple   | Entered the Ecumenical Temple
  6985 | Temple   | Became a worshipper of Makhleb the Destroyer
  7209 | D:7      | Noticed Prince Ribbit
  7214 | D:7      | Killed Prince Ribbit
  7282 | D:7      | Reached skill level 8 in Fighting
  7915 | D:8      | Reached piety under Makhleb
  8251 | D:8      | Found a runed door.
  8372 | D:8      | Noticed a komodo dragon
  8537 | D:8      | Reached * piety under Makhleb
  8767 | D:8      | Found a roughly hewn altar of Beogh.
  8796 | D:8      | Upgraded the game from 0.17-a0-1647-gb11a595 to 0.17-a0-1802-g9847487
  8864 | D:8      | Upgraded the game from 0.17-a0-1802-g9847487 to 0.17-a0-1805-g6093636
  8890 | D:8      | Killed a komodo dragon
  8890 | D:8      | Gained mutation: You have hoof-like feet. [demonic ancestry]
  8890 | D:8      | Reached XP level 10. HP: 70/81 MP: 10/10
  9006 | D:8      | Noticed a komodo dragon
  9008 | D:8      | Reached skill level 9 in Fighting
  9017 | D:8      | HP: 1/83 [komodo dragon (21)]
  9020 | D:8      | Killed a komodo dragon
  9031 | D:8      | Noticed a komodo dragon
  9277 | D:8      | Found a staircase to the Lair.
  9309 | D:8      | Killed a komodo dragon
 10064 | D:9      | Noticed Psyche
 10066 | D:9      | Reached ** piety under Makhleb
 10069 | D:9      | Paralysed by Psyche for 2 turns
 10072 | D:9      | Killed Psyche
 10422 | D:9      | Found a staircase to the Orcish Mines.
 10653 | D:9      | Reached *** piety under Makhleb
 11022 | D:9      | Noticed a flayed ghost
 11023 | D:9      | Noticed a cyan ugly thing
 11024 | D:9      | Noticed a centaur warrior
 11026 | D:9      | Noticed a centaur warrior
 11164 | D:10     | Entered Level 10 of the Dungeon
 11179 | D:10     | Reached skill level 10 in Fighting
 11532 | D:10     | Noticed a hill giant
 11554 | D:10     | Gained mutation: You are completely covered in thin metallic scales (AC +4, rElec). [demonic ancestry]
 11554 | D:10     | Reached XP level 11. HP: 46/90 MP: 8/11
 11561 | D:10     | Killed a hill giant
 12111 | D:11     | Reached skill level 1 in Maces & Flails
 12228 | D:11     | Found a labyrinth entrance.
 12237 | Lab      | Entered a labyrinth
 12618 | Lab      | Reached skill level 10 in Armour
 12760 | Lab      | Noticed a minotaur
 12767 | Lab      | Killed a minotaur
 12795 | Lab      | Got a dazzling mace
 12803 | Lab      | Identified the cursed +1 mace of Quantum Leap {venom, Str+8 Dex-2} (You found it in a labyrinth)
 12808 | Lab      | Identified a +7 rod of shadows (10/10) (You found it in a labyrinth)
 12809 | Lab      | Identified a +5 rod of inaccuracy (11/11) (You found it in a labyrinth)
 13032 | D:10     | Reached **** piety under Makhleb
 13062 | D:10     | Reached skill level 1 in Polearms
 13127 | D:11     | Reached skill level 10 in Dodging
 13180 | D:11     | Got a smoking broad axe {freeze}
 13181 | D:11     | Identified the +5 broad axe of Taxation {freeze, Dex+4 Stlth+} (You took it off a wight on level 11 of the Dungeon)
 13570 | D:12     | Reached skill level 1 in Axes
 13654 | D:12     | Killed a hill giant
 13789 | D:12     | Noticed a hill giant
 14100 | D:13     | Found a blossoming altar of Fedhas.
 14123 | D:13     | Gained mutation: You have hooves in place of feet. [demonic ancestry]
 14123 | D:13     | Reached XP level 12. HP: 97/97 MP: 12/12
 14177 | D:13     | Noticed a centaur warrior
 14189 | D:13     | Killed a centaur warrior
 14413 | D:13     | Got a faintly glowing broad axe
 14451 | D:13     | Identified the cursed +2 broad axe of the Philosopher {drain, Int+3} (You found it on level 13 of the Dungeon)
 14951 | D:13     | Found a stormy altar of Qazlal.
 15051 | D:14     | Noticed a centaur warrior
 15071 | D:14     | Killed a centaur warrior
 15071 | D:14     | Reached skill level 11 in Dodging
 15142 | D:14     | Noticed a centaur warrior
 15163 | D:14     | Killed a centaur warrior
 15164 | D:14     | Reached skill level 5 in Axes
 15197 | D:14     | Found a basalt altar of Yredelemnul.
 15363 | D:14     | Found Botwoh's Antique Armour Emporium.
 15370 | D:14     | Bought a pair of embroidered gloves for 153 gold pieces
 15383 | D:14     | Bought a glowing ring mail for 136 gold pieces
 15407 | D:14     | Noticed a centaur warrior
 15413 | D:14     | Killed a centaur warrior
 15448 | D:14     | Reached skill level 12 in Dodging
 15528 | D:14     | Upgraded the game from 0.17-a0-1805-g6093636 to 0.17-a0-1840-g87820a2
 15681 | D:14     | Noticed a great orb of eyes
 15684 | D:14     | Noticed an ogre mage
 15688 | D:14     | Found a large runed door.
 15697 | D:14     | Killed an ogre mage
 15697 | D:14     | Gained mutation: You are mostly covered in sharp spines. [demonic ancestry]
 15697 | D:14     | Reached XP level 13. HP: 98/103 MP: 13/13
 15707 | D:14     | Killed a great orb of eyes
 15713 | D:14     | Found a large runed door.
 15742 | D:14     | Found an iron altar of Okawaru.
 15742 | D:14     | Noticed a deep elf high priest
 15749 | D:14     | Killed a deep elf high priest
 15754 | D:14     | Found a sacrificial altar of Ru.
 15754 | D:14     | Noticed an anaconda
 15755 | D:14     | an anaconda changed into a torpor snail
 15805 | D:14     | Noticed a five-headed hydra
 15821 | D:14     | Killed a five-headed hydra
 15973 | D:14     | Found a gate to the Vaults.
 16086 | D:15     | Entered Level 15 of the Dungeon
 16255 | D:15     | Reached skill level 13 in Dodging
 16622 | D:15     | Reached skill level 10 in Axes
 16638 | D:15     | Found a staircase to the Depths.
 17019 | D:15     | Reached skill level 1 in Evocations
 17581 | D:9      | Killed a centaur warrior
 17587 | D:9      | Killed a flayed ghost
 17589 | D:9      | Reached XP level 14. HP: 110/110 MP: 16/16
 17597 | D:9      | Killed a red ugly thing
 17598 | D:9      | Killed an unseen horror
 17606 | D:9      | Killed a centaur warrior
 17621 | D:9      | Identified the Reference Book on Conjuration and Translocation
 17625 | D:9      | Learned a level 2 spell: Blink
 17703 | Orc:1    | Entered Level 1 of the Orcish Mines
 17709 | Orc:1    | Found a frozen archway.
 17736 | IceCv    | Entered an ice cave
 18353 | IceCv    | Noticed a frost giant
 18380 | IceCv    | Killed a frost giant
 18385 | IceCv    | Reached skill level 5 in Evocations
 18395 | IceCv    | Reached skill level 5 in Shields
 18418 | IceCv    | Got a distressingly furry leather armour
 18447 | IceCv    | Identified the +2 leather armour of the Barnacle {-Cast +Fly MR++ MP+9} (You found it in an ice cave)
 18520 | Orc:1    | Found a roughly hewn altar of Beogh.
 19152 | Orc:3    | Found Hawkio's Magic Scroll Emporium.
 19172 | Orc:3    | Bought a scroll of acquirement for 520 gold pieces
 19172 | Orc:3    | Bought a scroll of identify for 20 gold pieces
 19172 | Orc:3    | Bought a scroll of magic mapping for 35 gold pieces
 19172 | Orc:3    | Bought a scroll of enchant armour for 75 gold pieces
 19172 | Orc:3    | Bought a scroll of fear for 35 gold pieces
 19172 | Orc:3    | Bought a scroll of teleportation for 30 gold pieces
 19172 | Orc:3    | Bought a scroll of teleportation for 30 gold pieces
 19201 | Orc:3    | Bought a scroll of immolation for 35 gold pieces
 19201 | Orc:3    | Bought a scroll of immolation for 35 gold pieces
 20016 | Orc:4    | Entered Level 4 of the Orcish Mines
 20079 | Orc:4    | Noticed an orc warlord
 20100 | Orc:4    | Killed an orc warlord
 20112 | Orc:4    | Found Dooph's Antique Weapon Boutique.
 20116 | Orc:4    | Found a roughly hewn altar of Beogh.
 20123 | Orc:4    | Bought a dazzling hand crossbow for 263 gold pieces
 20124 | Orc:4    | Identified the +6 hand crossbow of Guile {flame, MR- Str+5 Int+2 Dex+3} (You bought it in a shop on level 4 of the Orcish Mines)
 20200 | Orc:4    | Found Laliti's Jewellery Boutique.
 20284 | Orc:4    | Bought an uncursed amulet of regeneration for 450 gold pieces
 20296 | Orc:4    | Found Veihush's Antique Armour Emporium.
 20307 | Orc:4    | Bought a shiny helmet for 90 gold pieces
 20318 | Orc:4    | Bought a glowing scale mail for 80 gold pieces
 20342 | Orc:4    | Found Umidan's General Store.
 20453 | Orc:4    | Bought a scroll of summoning for 123 gold pieces
 20453 | Orc:4    | Bought a scroll of recharging for 123 gold pieces
 20453 | Orc:4    | Bought a potion of curing for 39 gold pieces
 20453 | Orc:4    | Found a staircase to the Elven Halls.
 20697 | Orc:4    | Found Xetzad's Distillery.
 20705 | Orc:4    | Bought a potion of lignification for 45 gold pieces
 21029 | D:15     | Learned a level 1 spell: Apportation
 21127 | D:15     | Upgraded the game from 0.17-a0-1840-g87820a2 to 0.17-a0-2115-g0d8b93e
 21162 | D:15     | Upgraded the game from 0.17-a0-2115-g0d8b93e to 0.18-a0-9-gd4dcb6f
 21426 | Lair:1   | Entered Level 1 of the Lair of Beasts
 22289 | Lair:1   | Reached skill level 1 in Invocations
 23193 | Lair:3   | Reached XP level 15. HP: 99/115 MP: 17/20
 23768 | Lair:4   | Reached skill level 5 in Invocations
 23799 | Lair:4   | Found a hole to the Spider Nest.
 24067 | Lair:4   | Found a dark tunnel.
 24161 | Lair:4   | Noticed Snorg
 24174 | Lair:4   | Killed Snorg
 24496 | Lair:5   | Found a glowing silver altar of Zin.
 25220 | Lair:5   | Found a staircase to the Shoals.
 25582 | Lair:6   | Noticed Rupert
 25596 | Lair:6   | Killed Rupert
 25652 | Lair:6   | Noticed Josephine
 25658 | Lair:6   | Killed Josephine
 26698 | Lair:8   | Entered Level 8 of the Lair of Beasts
 26894 | Lair:8   | Reached XP level 16. HP: 122/122 MP: 16/23
 27261 | Lair:8   | Found a viscous altar of Jiyva.
 27261 | Lair:8   | Found a staircase to the Slime Pits.
 27770 | Lair:8   | Reached skill level 10 in Invocations
 28021 | Lair:8   | Noticed an acid blob
 28029 | Lair:8   | HP: 6/122 [acid (11)]
 28517 | Spider:1 | Entered Level 1 of the Spider Nest
 28598 | Spider:1 | Reached skill level 10 in Shields
 28620 | Spider:1 | Gained mutation: You are completely covered in sharp spines. [demonic ancestry]
 28620 | Spider:1 | Reached XP level 17. HP: 128/128 MP: 24/24
 30972 | Spider:4 | Entered Level 4 of the Spider Nest
 31156 | Spider:4 | Noticed Zero's ghost (adept MiBe)
 31159 | Spider:4 | Reached skill level 14 in Axes
 31184 | Spider:4 | Killed Zero's ghost
 31215 | Spider:4 | Noticed Kirke
 31338 | Spider:4 | Killed Kirke
 31395 | Spider:4 | Got a gossamer rune of Zot
 31438 | Spider:4 | Reached XP level 18. HP: 135/135 MP: 27/27
 32252 | Shoals:1 | Entered Level 1 of the Shoals
 32395 | Shoals:3 | Found Tomeh's Antique Weapon Emporium.
 32557 | Shoals:4 | Entered Level 4 of the Shoals
 32579 | Shoals:4 | Hit by a javelin thrown by a merfolk javelineer

Vault maps used:
D:1:      elethiomel_arrival_infinity_welcomes_careful_drivers
D:2:      uniq_robin
D:3:      first_bread, minmay_bisected
D:4:      lemuel_coloured_pillars_altar, uniq_eustachio
D:5:      minmay_misc_feat_iff
D:6:      eino_tiny_chamber, evilmike_ruin_ashenzari
D:7:      minmay_temple_entry_glassed_door, uniq_prince_ribbit1
D:8:      erik_lair_dragon, hangedman_little_slice_of_home,
          lightli_church_of_beogh
D:9:      erik_orc_1, onia_ninara_dug_in_and_dangerous, uniq_psyche
D:11:     lab_entry_generic
D:12:     lemuel_ice_spiral_1, minmay_holes
D:13:     basic_altar, nicolae_qazlal_eye_of_the_storm
D:14:     hangedman_vaults_entry_quadrant_bands, lemuel_round_altar,
          serial_shops, nicolae_shop_stone, corexii_checkpoint_a,
          jmf_multi_god_temple2
D:15:     gammafunk_enter_depths_forms, dk_noncrumbling_3,
          lightli_corner_chamber
Temple:   grunt_circular_temple_18
Lair:1:   wad_woods_antlair, serial_bayou_shore_a, lemuel_fruit_tree
Lair:2:   serial_bayou_lagoon_a
Lair:3:   grunt_megastairs_1, infiniplex_staircase_pool
Lair:4:   nicolae_spider_entry_orb_guardian, nicolae_volcano_entry_two_sided,
          grunt_forest_stairs_basic, serial_bayou_shore_b, uniq_snorg
Lair:5:   minmay_shoals_entry_lonely_mermaid, lemuel_centaur_altar
Lair:6:   uniq_josephine, uniq_rupert
Lair:7:   st_stairs_7, grunt_megastairs_3
Lair:8:   hangedman_lair_tendril_chambers, guppyfry_lair_end_dragon,
          dpeg_slime_entry_enclosed_altar, infiniplex_staircase_pool_2
Shoals:3: serial_shops, shop
Shoals:4: shoals_end_grunt_garden, shoals_ilsuiw_ice
Spider:2: nicolae_spider_webs_and_nodes
Spider:4: guppyfry_spider_rune, uniq_kirke
Orc:1:    portal_ice_cave_entry_ice_beasts, mines2_david
Orc:3:    serial_shops, shop, nicolae_orc_pool_cavern
Orc:4:    grunt_orc_gardens, grunt_orc_garden, grunt_orc_garden,
          grunt_orc_garden, grunt_orc_garden, basic_altar, serial_shops, shop
Lab:      labyrinth_hidden_loot, lab_statue, nicolae_lab_grate,
          labyrinth_skeletal_remains, labyrinth_fake_exit, nicolae_lab_plus,
          labyrinth_lava_lair, nicolae_lab_flowing_pool
IceCv:    ice_cave_caverns_03

Action                   |  1- 3 |  4- 6 |  7- 9 | 10-12 | 13-15 | 16-18 || total
-------------------------+-------+-------+-------+-------+-------+-------++-------
Melee: Dagger            |   227 |   357 |   151 |       |       |       ||   735
       Morningstar       |       |       |   243 |   327 |    26 |       ||   596
       Scythe            |       |       |       |   334 |   150 |       ||   484
       Broad axe         |       |       |       |     2 |   934 |   627 ||  1563
 Fire: Hand crossbow     |       |       |       |       |    23 |    52 ||    75
Throw: Javelin           |       |       |       |    13 |     3 |       ||    16
       Throwing net      |       |       |       |     2 |       |       ||     2
Invok: Greater Servant o |       |       |       |       |       |     4 ||     4
Evoke: Wand              |       |       |     6 |     5 |    18 |    19 ||    48
       Rod               |       |       |       |     2 |     4 |     6 ||    12
       Fan of gales      |       |       |       |       |     2 |     1 ||     3
       Box of beasts     |       |       |       |       |    11 |       ||    11
  Use: Scroll            |     4 |     9 |     9 |    13 |     6 |    11 ||    52
       Potion            |     1 |     1 |     4 |    11 |     4 |     3 ||    24
 Stab: Sleeping          |       |       |     6 |     7 |    13 |     9 ||    35
       Distracted        |       |       |       |       |     2 |     2 ||     4
  Eat: Chunk             |     4 |     8 |     8 |    18 |    11 |     4 ||    53
       Fruit             |       |       |     5 |       |    17 |       ||    22
       Pizza             |       |       |     1 |       |     5 |     2 ||     8
       Beef jerky        |       |       |     1 |     4 |     2 |     1 ||     8
       Royal jelly       |       |       |       |     1 |     2 |     8 ||    11
